 Dungeon Crawl Stone Soup version 0.27-a0-1135-g81dfa19a63 (webtiles) character file.

Game seed: 9311273297508261833

296 DasRunzen the Conjurer (level 5, -2/42 HPs)
             Began as a Demigod Conjurer on May 3, 2021.
             Killed from afar by Ijyb (10 damage)
             ... with a bolt of acid
             ... on level 4 of the Dungeon on May 4, 2021.
             The game lasted 00:09:15 (3826 turns).

DasRunzen the Conjurer (Demigod Conjurer)           Turns: 3826, Time: 00:09:16

Health: -2/42      AC:  5    Str: 12    XL:     5   Next: 86%
Magic:  3/12       EV: 12    Int: 20    God:
Gold:   102        SH:  0    Dex: 12    Spells: 7/10 levels left

rFire    . . .     SeeInvis .   e - staff of poison
rCold    . . .     Faith    .   (no shield)
rNeg     . . .     Spirit   .   a - +0 robe
rPois    +         Reflect  .   (no helmet)
rElec    .         Harm     .   (no cloak)
rCorr    .         Rampage  .   (no gloves)
Will     .....                  l - +2 pair of boots
Stlth    ++........             (no amulet)
HPRegen  0.14/turn              (no ring)
MPRegen  0.13/turn              (no ring)

@: hasted, very quick
A: high mp 1, forlorn
a: no special abilities


You were on level 4 of the Dungeon.
You visited 1 branch of the dungeon, and saw 4 of its levels.

You collected 102 gold pieces.

Inventory:

Armour
 a - a +0 robe (worn)
 l - a +2 pair of boots (worn)
Magical Staves
 e - a staff of poison (weapon)
Wands
 m - a wand of digging (4)
Scrolls
 b - a scroll of identify
 c - 3 scrolls of enchant weapon
 g - a scroll of fog {unknown}
 i - a scroll of blinking
Potions
 d - a potion of curing
 h - 2 potions of magic {unknown}
 j - a potion of might {unknown}
 k - a potion of ambrosia {unknown}


   Skills:
 + Level 2.5 Fighting
 + Level 3.1 Dodging
 - Level 1.7 Stealth
 + Level 3.0 Spellcasting
 + Level 4.7 Conjurations


You had 7 spell levels left.
You knew the following spells:

 Your Spells              Type           Power      Damage    Failure   Level
a - Magic Dart            Conj           84%        1d7       1%          1
b - Searing Ray           Conj           42%        3d4       3%          2

Your spell library contained the following spells:

 Spells                   Type           Power      Damage    Failure   Level
 Dazzling Flash           Conj/Hex       24%        N/A       16%         3
 Fulminant Prism          Conj/Hex       6%         3d7       47%         4
 Iskenderun's Mystic Bla  Conj/Tloc      12%        2d5       47%         4


Dungeon Overview and Level Annotations

Branches:
Dungeon (4/15)
 Temple: D:4-7

Shops:
D:4 =?=

Annotations:
D:4 Ijyb


Innate Abilities, Weirdness & Mutations

Your attributes grow dramatically as you level up.
You have an increased reservoir of magic. (+10% MP)
You shall have no god before yourself.


Message History

Press: ? - help, Shift-Dir - straight line, f - Ijyb
Aim: Ijyb, wielding a +0 club, wearing a +0 chain mail and carrying a wand of acid (7) (asleep, 100% to hit)
The magic dart hits Ijyb but does no damage.
Ijyb shouts!
Casting: Magic Dart (safe; 1% risk of failure)
Confirm with . or Enter, or press ? or * to list all spells.
Aiming: Searing Ray (safe; 3% risk of failure)
Press: ? - help, Shift-Dir - straight line, f/p - Ijyb
Aim: Ijyb, wielding a +0 club, wearing a +0 chain mail and carrying a wand of acid (7) (78% to hit)
The searing ray hits Ijyb but does no damage. (Press . to maintain the ray.) Unknown command.
The searing ray hits Ijyb but does no damage.
The searing ray hits Ijyb but does no damage.
Ijyb zaps a wand.
The bolt of acid hits you!
You are splashed with acid!
The searing ray hits Ijyb.
Ijyb is lightly wounded.
You finish channeling your searing ray.
Casting: Searing Ray (safe; 3% risk of failure)
Confirm with . or Enter, or press ? or * to list all spells.
Aiming: Searing Ray (safe; 3% risk of failure)
Press: ? - help, Shift-Dir - straight line, f/p - Ijyb
Aim: Ijyb, wielding a +0 club, wearing a +0 chain mail and carrying a wand of acid (6) (lightly wounded, 78% to hit)
The searing ray hits Ijyb.
Ijyb is moderately wounded. (Press . to maintain the ray.) Ijyb screams, "Level is mine!
All mine!"
Ijyb barely misses you.
The searing ray hits Ijyb.
Ijyb is heavily wounded.
Ijyb hits you but does no damage.
The searing ray misses Ijyb.
Ijyb closely misses you.
The searing ray hits Ijyb but does no damage.
Ijyb is heavily wounded.
You finish channeling your searing ray.
Ijyb hits you but does no damage.
It was a potion of haste.
You feel yourself speed up.
Ijyb zaps a wand.
The bolt of acid hits you.
You are splashed with acid!
* * * LOW HITPOINT WARNING * * *
Ijyb zaps a wand.
The bolt of acid hits you!
You die...

.#...#####..#.##
......>###.....### .
...............
....###.#########.#
...................
.#..###..g#.#####.#
#.. #...#..>....#
#..###.............
##
#.......@#######.##
...................
. #.#####........<..
..#..........#######
.....###....####
#..............
..#..........####
............##
............#


You could see Ijyb.

Vanquished Creatures
  Sigmund (D:3)
  An iguana (D:4)
  3 adders
  A worm (D:2)
  A dart slug (D:4)
  6 orcs (D:4)
  4 ball pythons
  4 bats
  8 endoplasms
  3 giant cockroaches
  4 goblins
  6 hobgoblins
  10 jackals
  5 kobolds
  4 quokkas
  3 frilled lizards
  A rat (D:2)
65 creatures vanquished.

Notes
Turn   | Place    | Note
-------+----------+-------------------------------------------
     0 | D:1      | DasRunzen the Demigod Conjurer began the quest for the Orb.
     0 | D:1      | Reached XP level 1. HP: 14/14 MP: 5/5
   533 | D:1      | Reached XP level 2. HP: 22/22 MP: 5/7
   536 | D:1      | Learned a level 2 spell: Searing Ray
   986 | D:1      | Reached skill level 4 in Conjurations
  1100 | D:2      | Upgraded the game from 0.27-a0-1122-g2a214b436d to
                  | 0.27-a0-1135-g81dfa19a63
  1102 | D:2      | Reached skill level 1 in Fighting
  1473 | D:2      | Reached XP level 3. HP: 27/28 MP: 4/8
  2486 | D:3      | Noticed Sigmund
  2494 | D:3      | Killed Sigmund
  2495 | D:3      | Reached XP level 4. HP: 36/36 MP: 1/11
  2495 | D:3      | Reached XP level 5. HP: 41/41 MP: 1/12
  2931 | D:4      | Found Ziatwae's Magic Scroll Emporium.
  3147 | D:4      | HP: 2/42 [orc/+0 war axe (12)]
  3482 | D:4      | Found Juba Toh's Jewellery Emporium.
  3800 | D:4      | Found Kajoil's Jewellery Boutique.
  3801 | D:4      | Noticed Ijyb
  3826 | D:4      | Killed from afar by Ijyb

Illustrated notes

Levels and vault maps discovered:
D:1:      lightli_arrival_boilingwater, layout_basic,
          ebering_ecumenical_altar_petrified, chequers_mini_garden
D:2:      layout_rooms, basic_altar
D:3:      layout_loops_ring, tso_altar, uniq_sigmund
D:4:      kennysheep_spiral_hall, layout_basic,
          chequers_temple_overflow_statue_of_worship,
          minmay_temple_entry_junction, serial_shops, kennysheep_little_box,
          shop, shop, nicolae_shop_behind_doors, nicolae_shop_window_shopping,
          uniq_ijyb

Skill      XL: |  1  2  3  4  5 |
---------------+----------------+-----
Conjurations   | 4 |  4.7
Fighting       | 1 2 |  2.5
Dodging        | 2 3 |  3.1
Spellcasting   | 2 3 |  3.0
Stealth        | |  1.7

Action                   |  1- 3 |  4- 6 || total
-------------------------+-------+-------++-------
Melee: Unarmed           |     6 |       ||     6
       Staff             |    32 |    22 ||    54
 Cast: Magic Dart        |    79 |    46 ||   125
       Searing Ray       |     4 |     5 ||     9
  Use: Scroll            |     3 |     4 ||     7
       Potion            |       |     1 ||     1
 Stab: Sleeping          |     1 |       ||     1
Armor: Robe              |     9 |     6 ||    15
Dodge: Dodged            |    28 |    19 ||    47

Table legend: (Time is in decaauts)
 A = Elapsed time spent in this place.
 B = Non-inter-level travel time spent in this place.
 C = Inter-level travel time spent in this place.
 D = Time resting spent in this place.
 E = Time spent auto-exploring this place.
 F = Levels seen in this place.
 G = Mean time per level.
                   A        B        C        D        E       F      G
               +--------+--------+--------+--------+--------+-----+--------+
         Total |   3834 |   3746 |     88 |    604 |   2729 |   4 |  958.5 |
       Dungeon |   3834 |   3746 |     88 |    604 |   2729 |   4 |  958.5 |
               +--------+--------+--------+--------+--------+-----+--------+

Top non-repeatable levels by time:
     D:1: 1094 daAuts
     D:3: 1068 daAuts
     D:4: 894 daAuts
     D:2: 776 daAuts
